 Dungeon Crawl Stone Soup version 0.17.1-1-g73c8601 (webtiles) character file.

13 Implojin the Ruffian (level 2, -3/29 HPs)
             Began as a Troll Fighter on Apr 2, 2016.
             Slain by Duvessa
             ... wielding a +0 short sword
              (11 damage)
             ... on level 4 of the Dungeon.
             The game lasted 00:01:28 (249 turns).

Implojin the Ruffian (Troll Fighter)                 Turns: 249, Time: 00:01:28

Health: -3/29      AC:  5    Str: 23    XL:     2   Next: 24%
Magic:  1/1        EV:  8    Int:  4    God:
Gold:   28         SH:  8    Dex:  9    Spells: 0 memorised, 1 level left

rFire  . . .     SeeInvis .       - Unarmed
rCold  . . .     Clarity  .     a - +0 robe
rNeg   . . .     SustAt   .     b - +0 shield
rPois  .         Gourm    +     (helmet restricted)
rElec  .         Spirit   .     (no cloak)
rCorr  .         Warding  .     (gloves unavailable)
rMut   .         Stasis   .     (boots unavailable)
MR     .....                    (no amulet)
Stlth  +.........               (no ring)
                                (no ring)

@: not resistant to hostile enchantments, very unstealthy
A: unfitting armour, claws 3, fast metabolism 3, gourmand, regeneration 2,
shaggy fur 1, tough skin 2
a: no special abilities


You were on level 4 of the Dungeon.
You were very full.

You visited 1 branch of the dungeon, and saw 4 of its levels.

You collected 28 gold pieces.

Inventory:

Armour
 a - a +0 robe (worn)
 b - a +0 shield (worn)
Scrolls
 e - a scroll of amnesia {unknown}
 f - a scroll of enchant weapon {unknown}
 g - a scroll of fog {unknown}
 i - a scroll of identify {unknown}
Potions
 c - a potion of might
 h - a potion of curing {unknown}
Comestibles
 d - 3 bread rations


   Skills:
 - Level 2.4 Fighting
 - Level 2.4 Dodging
 - Level 2.4 Shields
 * Level 3.0 Unarmed Combat


You had one spell level left.
You didn't know any spells.

Dungeon Overview and Level Annotations

Branches:
Dungeon (4/15)
 Temple: D:4-7

Altars:

Annotations:
D:4 Dowan, Duvessa


Innate Abilities, Weirdness & Mutations

You are too large for most types of armour.
You have claws for hands.
Your metabolism is lightning-fast.
You like to eat raw meat.
You heal very quickly.
You are covered in fur (AC +1).
You have very tough skin (AC +2).


Message History

i - a scroll labeled LUOBOK XUNOATY Dowan, Brother of Duvessa comes into view.
He is wielding a dagger.
Dowan shouts!
Dowan gestures at you while chanting. The puff of frost hits you!
Duvessa, Sister of Dowan comes into view.
She is wielding a short sword.
Dowan gestures at something while chanting.
What do you say? t - Shout!
Orders for allies: a - Attack new target. r - Retreat! s - Stop attacking. w - Wait here. f - Follow me.
Anything else - Stay silent.
You shout for attention!
A worm comes into view.
There is an open door here.
Your shield prevents you from hitting Duvessa.
Duvessa hits you but does no damage. Duvessa hits you with a short sword.
You scratch Duvessa but do no damage. Duvessa hits you with a short sword!
* * * LOW HITPOINT WARNING * * *
You barely miss Duvessa. You block Duvessa's attack.
Duvessa hits you with a short sword.
* * * LOW HITPOINT WARNING * * *
You claw Duvessa!
Duvessa is moderately wounded.
You block Duvessa's attack.
You claw Duvessa!
Duvessa is heavily wounded.
Duvessa hits you with a short sword!
* * * LOW HITPOINT WARNING * * *
You block Duvessa's attack.
You claw Duvessa!
Duvessa is severely wounded.
Duvessa hits you but does no damage.
Drink which item? (? for menu, Esc to quit)
Okay, then.
You claw Duvessa!
Duvessa is almost dead.
Duvessa hits you but does no damage. Duvessa hits you with a short sword!
You die...

#.# ##.### #.......###
#.##### ....# #.........
......# #.#.# ..e....
..##..# #...# #...##
..##..#.##..# #....##
..##..#.....## ##.....##
..##..####.#.### ##.......##
..##..#........###.........#
................@ew........+
..##..#.#......###.........#
....###.######## ##.......##
#.### ### ##.....## #..#
......## ..# #...#+## .
#####


You could see Duvessa and a worm.

Vanquished Creatures
  An adder (D:2)
  A giant cockroach (D:2)
  2 hobgoblins
  A bat (D:3)
  A goblin (D:2)
6 creatures vanquished.

Notes
Turn   | Place    | Note
--------------------------------------------------------------
     0 | D:1      | Implojin the Troll Fighter began the quest for the Orb.
     0 | D:1      | Reached XP level 1. HP: 22/22 MP: 0/0
    77 | D:2      | Reached XP level 2. HP: 14/29 MP: 1/1
   172 | D:3      | Reached skill level 3 in Unarmed Combat
   226 | D:4      | Noticed Dowan
   229 | D:4      | Noticed Duvessa
   249 | D:4      | Slain by Duvessa

Action                   || total
-------------------------++-------
Melee: Unarmed           ||    30
  Eat: Chunk             ||     7

Table legend:
 A = Turns spent in this place as a percentage of turns spent in the entire game.
 B = Non-inter-level travel turns spent in this place as a percentage of non-inter-level travel turns spent in the entire game.
 C = Inter-level travel turns spent in this place as a percentage of turns spent in this place.
 D = Turns resting spent in this place as a percentage of non-inter-level travel turns spent in this place.
 E = Turns spent auto-exploring this place as a percentage of non-inter-level travel turns spent in this place.
 F = Non-inter-level travel turns spent in this place divided by the number of levels of this place that you've seen.
                   A       B       C       D       E      F
               +-------+-------+-------+-------+-------+----------------------
         Total | 100.0 | 100.0 |   0.0 |   0.0 |   0.0 |  57.0
       Dungeon | 100.0 | 100.0 |   0.0 |   0.0 |   0.0 |  57.0
               +-------+-------+-------+-------+-------+----------------------

Table legend:
 A = Kills in this place as a percentage of kills in entire the game.
 B = Kills by you in this place as a percentage of kills by you in the entire game.
 C = Kills by friends in this place as a percentage of kills by friends in the entire game.
 D = Other kills in this place as a percentage of other kills in the entire game.
 E = Experience gained in this place as a percentage of experience gained in the entire game.
 F = Experience gained in this place divided by the number of levels of this place that you have seen.
                   A       B       C       D       E      F
               +-------+-------+-------+-------+-------+----------------------
         Total | 100.0 | 100.0 |  -nan |  -nan | 100.0 |   4.8
       Dungeon | 100.0 | 100.0 |  -nan |  -nan | 100.0 |   4.8
               +-------+-------+-------+-------+-------+----------------------
